AoeStats
← JohnNielsen4140

Lombardia

509519765Analyzed
4v4 RM · 6d ago on Sep 27, 2026· 45m 43s· 8 players
Game mode
Random Map
Map size
Large (8 player)
Population
200
Speed
Normal
Resources
Standard
Victory
Conquest
Starting age
Dark Age
Ending age
Imperial Age
RankedLock teamsTeams togetherTeam positionsShared explorationLock speedFull tech treeHidden civsTurbo modeCheats
Victory
Defeat
🇲🇽 Mapuche · Mexico
861
+12
🇲🇽 Britons · Mexico
855
+12
🇨🇦 Lithuanians · Canada
854
+12
🇹🇼 Franks · Taiwan
801
+14
🇨🇱 Franks · Chile
851
-16
🇲🇽 Teutons · Mexico
812
-14
🇨🇴 Romans · Colombia
754
-12
🇨🇱 Magyars · Chile
651
-8
verna7019
2:11 Loom
12:13 Feudal Age
17:33 Castle Age
16:59 Double-Bit Axe
24:04 Bow Saw
30:56 Imperial Age
33:32 Chemistry
32:51 Fletching
33:12 Forging
33:08 Gold Mining
33:09 Stone Mining
42:25 Ordonnance Companies
45:21 Conscription
45:44 Iron Casting
45:12 Scale Mail Armor
45:58 Chivalry
JohnNielsen4140
9:00 Loom
13:58 Feudal Age
16:49 Fletching
16:59 Padded Archer Armor
19:52 Castle Age
21:35 Double-Bit Axe
21:53 Gold Mining
21:57 Stone Mining
24:03 Horse Collar
25:18 Ballistics
24:39 Treadmill Crane
25:01 Murder Holes
28:06 Crossbowman
29:29 Caravan
30:02 Coinage
32:15 Yeomen
32:22 Yeomen
35:24 Gold Shaft Mining
37:40 Imperial Age
36:11 Bodkin Arrow
39:07 Conscription
39:25 Leather Archer Armor
39:37 Arbalester
41:36 Chemistry
43:11 Warwolf
Dodge Attitude
13:47 Feudal Age
14:06 Loom
14:27 Double-Bit Axe
14:29 Horse Collar
16:05 Wheelbarrow
18:52 Forging
23:15 Castle Age
22:32 Scale Mail Armor
23:54 Pikeman
24:39 Heavy Plow
24:53 Bow Saw
26:22 Iron Casting
26:03 Chain Mail Armor
25:33 Elite Skirmisher
27:10 Malon
35:57 Hand Cart
35:53 Gold Mining
45:39 Imperial Age
stephane9343
11:27 Feudal Age
18:58 Castle Age
17:20 Horse Collar
17:28 Double-Bit Axe
18:33 Stone Mining
31:58 Heavy Plow
31:35 Pikeman
39:25 Imperial Age
38:24 Bow Saw
38:04 Town Watch
38:54 Wheelbarrow
41:00 Scale Barding Armor
41:06 Forging
43:02 Chain Barding Armor
43:18 Iron Casting
42:47 Elite Leitis
44:11 Gold Mining
45:01 Plate Barding Armor
45:14 Crop Rotation
oswuil123
11:50 Feudal Age
12:53 Double-Bit Axe
13:40 Horse Collar
14:19 Loom
16:59 Man-at-Arms
19:33 Scale Mail Armor
22:38 Castle Age
21:39 Town Watch
21:59 Gold Mining
22:00 Stone Mining
23:02 Elite Skirmisher
24:56 Bow Saw
25:30 Long Swordsman
29:21 Wheelbarrow
30:38 Hand Cart
31:05 Gold Shaft Mining
31:35 Chain Mail Armor
31:31 Forging
31:50 Pikeman
35:59 Ballistas
38:27 Imperial Age
36:43 Scale Barding Armor
38:04 Heavy Plow
42:22 Legionary
42:45 Capped Ram
44:24 Chain Barding Armor
44:23 Legionary
wowmiqui
5:11 Loom
11:16 Feudal Age
13:06 Double-Bit Axe
15:28 Wheelbarrow
17:45 Forging
17:41 Scale Barding Armor
22:25 Castle Age
22:03 Town Watch
22:51 Fletching
23:01 Padded Archer Armor
23:35 Husbandry
24:44 Bow Saw
24:28 Gold Mining
25:17 Crossbowman
29:04 Gold Shaft Mining
29:01 Bodkin Arrow
29:48 Hand Cart
29:33 Town Patrol
31:06 Iron Casting
31:35 Pikeman
32:15 Squires
38:23 Chain Barding Armor
NIXXT103
4:18 Loom
10:21 Feudal Age
10:49 Double-Bit Axe
13:01 Forging
20:42 Castle Age
18:47 Gold Mining
18:46 Horse Collar
19:38 Scale Barding Armor
22:01 Iron Casting
26:08 Chain Barding Armor
26:33 Bloodlines
26:44 Heavy Plow
33:10 Bow Saw
34:21 Caravan
37:59 Imperial Age
38:13 Cavalier
39:42 Wheelbarrow
floresmonserratpaz
12:46 Feudal Age
11:45 Loom
22:08 Wheelbarrow
24:42 Double-Bit Axe
28:18 Castle Age
28:40 Horse Collar
30:12 Husbandry
31:16 Gold Mining
33:37 Heavy Plow
Connection lost

Rejoining the realm…

Still unreachable

The connection could not be restored.

Session expired

The server has moved on; the page needs a fresh start.